 Dungeon Crawl Stone Soup version 0.28-a0-1374-ga75cb3825e (webtiles) character file.

Game seed: 11208055120616542933

319 Clumpoid the Skirmisher (level 6, -1/53 HPs)
             Began as a Ghoul Fighter on Dec 31, 2021.
             Slain by an orc wizard (3 damage)
             ... on level 4 of the Dungeon.
             The game lasted 00:02:37 (2535 turns).

Clumpoid the Skirmisher (Ghoul Fighter)             Turns: 2535, Time: 00:02:37

Health: -1/53      AC:  9    Str: 20    XL:     6   Next: 45%
Magic:  5/5        EV:  7    Int:  5    God:
Gold:   108        SH:  4    Dex:  8    Spells: 5/5 levels left

rFire   . . .      SeeInvis .   b - +0 trident (pain)
rCold   + . .      Faith    .   c - +0 buckler
rNeg    + + +      Spirit   .   f - +0 chain mail
rPois   ∞          Reflect  .   (no helmet)
rElec   .          Harm     .   (no cloak)
rCorr   .          Rampage  .   (no gloves)
Will    .....                   (no boots)
Stlth   ..........              (no amulet)
HPRegen 0.00/turn               (no ring)
MPRegen 0.09/turn               (no ring)

@: inhibited regen
A: claws 1, cold resistance 1, negative energy resistance 3, inhibited
regeneration, torment resistance 2
a: no special abilities


You were on level 4 of the Dungeon.
You visited 1 branch of the dungeon, and saw 4 of its levels.

You collected 108 gold pieces.

Inventory:

Hand Weapons
 b - a +0 trident of pain (weapon)
Armour
 c - a +0 buckler (worn)
 f - a +0 chain mail (worn)


   Skills:
 + Level 4.4 Fighting
 * Level 4.0 Polearms
 + Level 3.7 Armour
 + Level 3.7 Shields


You had 5 spell levels left.
You didn't know any spells.
Your spell library was empty.

Dungeon Overview and Level Annotations

Branches:
Dungeon (4/15)
 Temple: D:4-7

Altars:


Innate Abilities, Weirdness & Mutations

You thrive by killing the living.
You are immune to poison.
You have sharp fingernails.
Your flesh is cold resistant. (rC+)
You are immune to negative energy. (rN+++)
You do not regenerate when monsters are visible.
You are immune to unholy pain and torment.


Message History

Things that are here:
a +0 mace; an orc corpse You puncture something!
You closely miss something. Something hits you but does no damage.
The orc hits you but does no damage.
You barely miss something. Something hits you.
* * * LOW HITPOINT WARNING * * *
You block the orc's attack.
You puncture the orc!
You kill the orc!
You hear some strange, mumbled words.
A puff of flame appears from out of thin air!
The puff of flame misses you.
You hit something but do no damage.
Something hits you but does no damage. x2
You closely miss something. Something hits you.
* * * LOW HITPOINT WARNING * * *
You miss something. Something hits you.
* * * LOW HITPOINT WARNING * * *
You miss something.
You hear some strange, mumbled words.
A magic dart appears from out of thin air!
The magic dart hits you.
* * * LOW HITPOINT WARNING * * *
You miss something.
You hear some strange, mumbled words.
A puff of flame appears from out of thin air!
The puff of flame misses you.
You closely miss something. Something hits you.
* * * LOW HITPOINT WARNING * * *
You hit something. Something hits you but does no damage.
You miss something. Something hits you but does no damage.
You barely miss something.
You hear some strange, mumbled words.
A puff of flame appears from out of thin air!
The puff of flame hits you.
* * * LOW HITPOINT WARNING * * *
You aren't carrying any potions.
You aren't carrying any scrolls.
You closely miss something. Something hits you.
You die...

.....#....
(....?..
###.......# .
###.........#..
##.#............
###.....##..<.....
#......##)....#
#@#..<...#
...#.#{)..#.###
............##
..#........##
##.........#
#............
.............#
#.............#
..............#


There were no monsters in sight!

Vanquished Creatures
  Grinder (D:3)
  An orc wizard (D:3)
  2 adders
  3 worms (D:2)
  2 dart slugs
  7 orcs
  6 bats
  5 endoplasms
  3 giant cockroaches
  4 goblins
  7 hobgoblins
  4 jackals (D:2)
  3 quokkas
  6 ball pythons
  5 frilled lizards
  2 kobolds (D:2)
  2 rats
63 creatures vanquished.

Notes
Turn   | Place    | Note
-------+----------+-------------------------------------------
     0 | D:1      | Clumpoid the Ghoul Fighter began the quest for the Orb.
     0 | D:1      | Reached XP level 1. HP: 19/19 MP: 0/0
    33 | D:1      | Reached XP level 2. HP: 26/26 MP: 1/1
   339 | D:1      | Found a faded altar of an unknown god.
   467 | D:1      | Reached XP level 3. HP: 31/31 MP: 2/2
  1374 | D:2      | Reached XP level 4. HP: 34/40 MP: 3/3
  1986 | D:3      | Noticed Grinder
  1993 | D:3      | Paralysed by Grinder for 5 turns
  2001 | D:3      | Killed Grinder
  2002 | D:3      | Reached XP level 5. HP: 14/47 MP: 4/4
  2002 | D:3      | Reached XP level 6. HP: 16/53 MP: 5/5
  2534 | D:4      | HP: 2/53 [something/puff of flame (6)]
  2535 | D:4      | Slain by an orc wizard

Illustrated notes

Levels and vault maps discovered:
D:1:      erik_arrival_orb_chamber, layout_rooms,
          shapermc_ecumenical_altar_starsandcircs, grunt_decor_mini_mirrors,
          minmay_misc_feat_chi, minmay_misc_feat_x
D:2:      layout_loops_corners
D:3:      layout_rooms, uniq_grinder
D:4:      layout_cave_pools

Skill      XL: |  1  2  3  4  5  6 |
---------------+-------------------+-----
Polearms       | 2 3 4 |  4.0
Armour         | 3 |  3.7
Shields        | 3 |  3.7
Fighting       | 4 |  4.4

Action                   |  1- 3 |  4- 6 || total
-------------------------+-------+-------++-------
Melee: Trident           |   143 |   110 ||   253
  Use: Potion            |     2 |     4 ||     6
       Scroll            |     2 |     3 ||     5
Armor: Scale mail        |    63 |     4 ||    67
       Chain mail        |       |    81 ||    81
Dodge: Dodged            |    49 |    43 ||    92
Block: Buckler           |    25 |    25 ||    50

Table legend: (Time is in decaauts)
 A = Elapsed time spent in this place.
 B = Non-inter-level travel time spent in this place.
 C = Inter-level travel time spent in this place.
 D = Time resting spent in this place.
 E = Time spent auto-exploring this place.
 F = Levels seen in this place.
 G = Mean time per level.
                   A        B        C        D        E       F      G
               +--------+--------+--------+--------+--------+-----+--------+
         Total |   2581 |   2474 |    107 |    513 |   1424 |   4 |  645.2 |
       Dungeon |   2581 |   2474 |    107 |    513 |   1424 |   4 |  645.2 |
               +--------+--------+--------+--------+--------+-----+--------+

Top non-repeatable levels by time:
     D:2: 1289 daAuts
     D:3: 722 daAuts
     D:1: 522 daAuts
     D:4: 46 daAuts
